 Dungeon Crawl Stone Soup version 0.28.0-53-g5a82cb258f (webtiles) character file.

Game seed: 13514212263342379705

7828 firemarshallily the Covert (level 11, -5/82 HPs)
             Began as an Octopode Brigand on June 28, 2022.
             Was a Believer of Dithmenos.
             Slain by a catoblepas (10 damage)
             ... while petrified by a catoblepas
             ... on level 9 of the Dungeon on July 2, 2022.
             The game lasted 00:30:40 (11717 turns).

firemarshallily the Covert (Octopode Brigand)      Turns: 11717, Time: 00:30:40

Health: -5/82      AC:  1    Str: 10    XL:     11   Next: 21%
Magic:  11/11      EV:  2    Int: 13    God:    Dithmenos [**....]
Gold:   612        SH:  0    Dex: 25    Spells: 10/10 levels left

rFire   . . .      SeeInvis .   A - +6 dagger
rCold   . . .      Faith    .   p - +1 buckler
rNeg    + + +      Spirit   .   (helmet restricted)
rPois   ∞          Reflect  .   i - amulet of the acrobat
rElec   .          Harm     .   s - +6 ring of dexterity
rCorr   .          Rampage  .   (no ring)
Will    .....                   (no ring)
Stlth   +++++++++.              (no ring)
HPRegen 0.23/turn               (no ring)
MPRegen 0.12/turn               (no ring)
                                (no ring)
                                (no ring)

@: mighty, petrified, wreathed by umbra
A: almost no armour, amphibious, 8 rings, camouflage 1, gelatinous body 1,
(nimble swimmer 1), tentacles
a: Renounce Religion, Shadow Step


You were on level 9 of the Dungeon.
You worshipped Dithmenos.
Dithmenos was pleased with you.
You visited 2 branches of the dungeon, and saw 10 of its levels.

You collected 612 gold pieces.

Inventory:

Hand Weapons
 a - a +2 dagger
 h - a +3 dagger of protection
 A - a +6 dagger (weapon)
Missiles
 b - 25 poisoned darts (quivered)
 c - 2 curare-tipped darts
 d - 239 stones
 o - 4 throwing nets
 x - 5 atropa-tipped darts
Armour
 p - a +1 buckler (worn)
Jewellery
 i - an amulet of the acrobat (around mantle)
 s - a +6 ring of dexterity (left tentacle)
 t - a ring of fire
Wands
 u - a wand of flame (16)
 w - a wand of digging (3)
 y - a wand of iceblast (9)
 z - a wand of charming (6)
Scrolls
 l - 3 scrolls of amnesia
 n - 4 scrolls of teleportation
 v - a scroll of holy word
 B - a scroll of vulnerability {unknown}
 D - a scroll of acquirement {unknown}
Potions
 e - 4 potions of brilliance
 f - a potion of heal wounds
 g - a potion of might
 j - 2 potions of cancellation
 k - a potion of resistance
 m - a potion of invisibility {unknown}
 q - 5 potions of curing
 r - a potion of mutation {unknown}
 C - a potion of flight {unknown}


   Skills:
 * Level 10.5 Fighting
 - Level 10.0 Short Blades
 - Level 2.0 Throwing
 + Level 2.2 Dodging
 + Level 12.2 Stealth
 - Level 5.0 Shields


You had 10 spell levels left.
You didn't know any spells.
Your spell library contained the following spells:

 Spells                   Type           Power      Damage    Failure   Level
 Foxfire                  Conj/Fire      0%         2x1d4     36%         1
 Freeze                   Ice            0%         1d3       36%         1
 Call Canine Familiar     Summ           0%         N/A       75%         3
 Conjure Flame            Conj/Fire      0%         6-21      75%         3
 Frozen Ramparts          Ice            0%         1d2       75%         3
 Inner Flame              Hex/Fire       0%         N/A       75%         3
 Portal Projectile        Hex/Tloc       0%         N/A       75%         3
 Flame Wave               Conj/Fire      0%         2d4       98%         4
 Hailstorm                Conj/Ice       0%         3d3       98%         4
 Leda's Liquefaction      Hex/Erth       0%         N/A       98%         4


Dungeon Overview and Level Annotations

Branches:
Dungeon (9/15)             Temple (1/1) D:4
   Lair: D:8-11         Orc: D:9-12

Altars:
Ashenzari
Cheibriados
Dithmenos
Elyvilon
Fedhas
Gozag
Kikubaaqudgha
Makhleb
Nemelex Xobeh
Okawaru
Qazlal
Sif Muna
Trog
Uskayaw
Vehumet
Wu Jian
Xom
Yredelemnul
Zin
The Shining One

Shops:
D:2 (   D:5 (

Annotations:
D:6 3 runed translucent doors, CthulhuKid's ghost, novice MiFi


Innate Abilities, Weirdness & Mutations

You cannot wear most types of armour.
You are amphibious.
You can wear up to eight rings at the same time.
Your skin changes colour to match your surroundings (Stealth+).
Your rubbery body absorbs attacks. (AC +1, EV +1)
((You are camouflaged when in or above water. (Stealth+)))
You have tentacles for arms and can constrict up to eight enemies at once.


Message History

The catoblepas is heavily wounded.
You hit the catoblepas.
The catoblepas is heavily wounded.
The catoblepas gores you.
You puncture the catoblepas!
The catoblepas is severely wounded.
You puncture the catoblepas! You squeeze the catoblepas!
The catoblepas is almost dead.
The catoblepas breathes a plume of calcifying dust at you.
The blast of calcifying dust hits you.
The catoblepas breathes a plume of calcifying dust at you.
The blast of calcifying dust hits you!
You feel much better.
The catoblepas breathes a plume of calcifying dust at you.
The blast of calcifying dust hits you!
The catoblepas breathes a plume of calcifying dust at you.
The blast of calcifying dust hits you.
You hit the catoblepas.
The catoblepas is almost dead.
You are engulfed in calcifying dust.
You are slowing down.
The catoblepas closely misses you.
Your limbs are stiffening.
The two-headed ogre is engulfed in calcifying dust.
The two-headed ogre is moving more slowly.
The catoblepas completely misses you.
You have turned to stone.
The two-headed ogre hits you with a +0 dire flail!
The two-headed ogre hits you with a +0 giant club!!
The catoblepas completely misses you. The catoblepas gores you.
The two-headed ogre hits you with a +0 dire flail!
The two-headed ogre hits you with a +0 giant club!
* * * LOW HITPOINT WARNING * * *
The catoblepas gores you!
* * * LOW HITPOINT WARNING * * *
The two-headed ogre hits you with a +0 dire flail!!
* * * LOW HITPOINT WARNING * * *
The two-headed ogre hits you with a +0 giant club.
* * * LOW HITPOINT WARNING * * *
The catoblepas gores you!!
You die...

## ##...## ##.## .## ##...##
##.## ..####### ##...##.. ##.##
..†....<###...##..### ##.##
..))....##...##..##|## !##.####
........#...##..##..[##..##...##
...........##..##...##..##.....#
#######.#.##..##OY#'#..##..##..#
.##.......[..##.@##O..##..## #.#
.##.####.##.##).##[..##..## ...
... #.#...##..##[##..## .# ###..
#...##.##..###..## . #..###..#
#.##..#.[## # ###.....###
#.##...## #.........# #.##)##
#...####..# #.### #... ##.####
#.


You could see a catoblepas and a two-headed ogre (petrifying).

Vanquished Creatures
  Harold (D:8)
  A two-headed ogre (D:8)
  A deep elf pyromancer (D:9)
  Joseph (D:8)
  An efreet (D:9)
  A troll (D:9)
  Sigmund (D:4)
  A shadow (D:7)
  8 yaks
  2 wyverns
  Edmund (D:4)
  A water moccasin (D:5)
  2 black bears
  3 sky beasts (D:6)
  2 orc warriors
  2 ice beasts (D:6)
  2 ogres
  A necrophage (D:4)
  2 centaurs (D:8)
  2 phantoms
  Blork the orc (D:5)
  2 bullfrogs
  A wyvern zombie (D:7)
  2 water moccasin zombies (D:5)
  A water moccasin skeleton (D:4)
  11 killer bees
  5 wights (D:7)
  A howler monkey (D:6)
  2 centaur zombies
  3 orc priests
  A bullfrog zombie (D:6)
  2 jellies
  Jessica (D:2)
  9 orc wizards
  3 iguanas
  Robin (D:2)
  8 adders
  11 gnolls
  A shadow imp (D:6)
  A white imp (D:7)
  4 ufetubi
  7 dart slugs
  12 orcs
  10 ball pythons
  3 endoplasms
  5 giant cockroaches
  18 goblins
  12 hobgoblins
  8 jackals
  6 kobolds
  5 quokkas
  6 bats
  5 frilled lizards
  4 rats
208 creatures vanquished.

Vanquished Creatures (collateral kills)
  An iguana (D:7)
1 creature vanquished.

Vanquished Creatures (others)
  3 fungi (D:6)
  4 plants
7 creatures vanquished.

Grand Total: 216 creatures vanquished

Notes
Turn   | Place    | Note
-------+----------+-------------------------------------------
     0 | D:1      | firemarshallily the Octopode Brigand began the quest for
                  | the Orb.
     0 | D:1      | Reached XP level 1. HP: 14/14 MP: 1/1
   450 | D:1      | Noticed a shining eye
   452 | D:1      | Reached XP level 2. HP: 17/19 MP: 2/2
   453 | D:1      | Found a faded altar of an unknown god.
   455 | D:1      | Noticed a golden eye
   462 | D:1      | Noticed a floating eye
   477 | D:1      | Noticed a floating eye
   841 | D:1      | Reached XP level 3. HP: 25/25 MP: 3/3
  1784 | D:2      | Noticed Jessica
  1797 | D:2      | Killed Jessica
  1798 | D:2      | Reached XP level 4. HP: 6/31 MP: 4/4
  2075 | D:2      | Reached skill level 6 in Stealth
  2087 | D:2      | Found an ancient bone altar of Kikubaaqudgha.
  2112 | D:2      | Noticed Robin
  2131 | D:2      | Killed Robin
  2474 | D:2      | Reached XP level 5. HP: 36/36 MP: 5/5
  2924 | D:2      | Found Puth's Weapon Shop.
  3355 | D:3      | Reached skill level 1 in Shields
  3370 | D:3      | Reached XP level 6. HP: 6/43 MP: 6/6
  4557 | D:4      | Identified the +0 scale mail of Nihilism {rElec rF+ Regen+
                  | Dex+2}
  4595 | D:4      | Found an ancient bone altar of Kikubaaqudgha.
  4737 | D:4      | Found a staircase to the Ecumenical Temple.
  4755 | D:4      | Noticed a necrophage
  4758 | Temple   | Entered the Ecumenical Temple
  4867 | Temple   | Became a worshipper of Dithmenos the Shadowed
  4895 | D:4      | Killed a necrophage
  4896 | D:4      | Reached XP level 7. HP: 46/48 MP: 7/7
  5039 | D:4      | Reached skill level 7 in Stealth
  5058 | D:4      | Noticed Sigmund
  5414 | D:4      | Noticed Edmund
  5427 | D:4      | Killed Edmund
  5478 | D:4      | Killed Sigmund
  5530 | D:5      | Entered Level 5 of the Dungeon
  5655 | D:5      | Reached skill level 5 in Short Blades
  5655 | D:5      | Reached XP level 8. HP: 54/54 MP: 8/8
  5655 | D:5      | You fall into a shaft and drop 2 floors!
  5655 | D:7      | Noticed a shadow
  5711 | D:6      | Reached skill level 5 in Fighting
  5716 | D:6      | Reached skill level 8 in Stealth
  5802 | D:5      | Reached skill level 5 in Shields
  6225 | D:5      | Noticed Blork the orc
  6233 | D:5      | Killed Blork the orc
  6250 | D:5      | Reached skill level 9 in Stealth
  6509 | D:5      | Found Zavvihat's Antique Weapon Emporium.
  6688 | D:6      | Found a runed translucent gate.
  6688 | D:6      | Found a runed translucent gate.
  6688 | D:6      | Found a runed translucent gate.
  6698 | D:6      | Noticed CthulhuKid's ghost (novice MiFi)
  6835 | D:6      | Reached XP level 9. HP: 62/62 MP: 9/9
  6836 | D:6      | Reached * piety under Dithmenos
  7907 | D:7      | Reached skill level 10 in Stealth
  8143 | D:7      | Found a stormy altar of Qazlal.
  8143 | D:7      | Found a burning altar of Makhleb.
  8143 | D:7      | Found a shimmering altar of Xom.
  8690 | D:7      | Reached XP level 10. HP: 39/72 MP: 10/10
  9119 | D:7      | Reached ** piety under Dithmenos
  9747 | D:8      | Reached skill level 11 in Stealth
  9751 | D:8      | Noticed Joseph
  9841 | D:8      | Found a blossoming altar of Fedhas.
 10083 | D:8      | Noticed Harold
 10105 | D:8      | Killed Harold
 10663 | D:8      | Noticed a two-headed ogre
 10668 | D:8      | Killed a two-headed ogre
 10935 | D:8      | Killed Joseph
 10936 | D:8      | Reached XP level 11. HP: 56/81 MP: 11/11
 11161 | D:9      | Reached skill level 10 in Fighting
 11161 | D:9      | Reached skill level 10 in Short Blades
 11226 | D:9      | Reached skill level 12 in Stealth
 11657 | D:9      | Noticed a deep elf pyromancer
 11664 | D:9      | Killed a deep elf pyromancer
 11681 | D:9      | Noticed a catoblepas
 11687 | D:9      | Noticed a two-headed ogre
 11716 | D:9      | HP: 4/82 [two-headed ogre/+0 dire flail (3)]
 11717 | D:9      | Slain by a catoblepas

Illustrated notes

Levels and vault maps discovered:
D:1:      ncdulo_lavacross, layout_basic, hellmonk_ecumenical_altar_watching_god
D:2:      kennysheep_six_static_rooms, layout_basic, basic_altar, serial_shops,
          nicolae_shop_bloodbath_and_beyond, guppyfry_early_lair_pool,
          uniq_jessica, uniq_robin
D:3:      layout_loops_corners, grunt_ministairs_1, grunt_decor_fettered
D:4:      layout_rooms, mainiacjoe_overflow_24_doors,
          minmay_temple_entry_gardened_gates, sigmund_edmund_badplayer
D:5:      layout_loops_ring, serial_shops, kennysheep_little_box,
          uniq_blork_the_orc
D:6:      nicolae_cairo_tiling, layout_loops_ring,
          gammafunk_ghost_nasty_kobolds, st_stairs_1
D:7:      layout_gridville, chequers_temple_overflow_statue_of_worship
D:8:      layout_basic, fedhas_bush_and_centaur_altar, minmay_misc_feat_tiny,
          grunt_ministairs_13, nrook_mini_backslash, uniq_joseph, uniq_harold
D:9:      layout_rooms, minmay_diamond_spiral
Temple:   regret_index_temple_waves

Skill      XL: |  1  2  3  4  5  6  7  8  9 10 11 |
---------------+----------------------------------+-----
Short Blades   | 3 4 5 6 8 9 10 | 10.0
Fighting       | 3 4 6 8 9 10 | 10.5
Stealth        | 6 7 9 10 11 12 | 12.2
Shields        | 1 2 4 5 |  5.0
Dodging        | 2 |  2.2
Throwing       | |  2.0

Action                   |  1- 3 |  4- 6 |  7- 9 | 10-12 || total
-------------------------+-------+-------+-------+-------++-------
Melee: Dagger            |    69 |   144 |   221 |   181 ||   615
       Constrict         |    17 |    33 |    30 |    22 ||   102
       Tentacles         |    17 |    33 |    67 |    45 ||   162
       Punch             |     2 |       |     7 |     1 ||    10
Throw: Stone             |       |     3 |       |       ||     3
  Use: Scroll            |     2 |     4 |     9 |     2 ||    17
       Potion            |       |       |     1 |     6 ||     7
 Stab: Sleeping          |    13 |    15 |    23 |    16 ||    67
       Distracted        |       |     1 |     1 |       ||     2
Armor: Skin              |     2 |    22 |    26 |     1 ||    51
Dodge: Dodged            |    17 |    57 |    83 |    60 ||   217
Block: Buckler           |       |       |    23 |    39 ||    62
